 Dungeon Crawl Stone Soup version 0.31.0-12-g77e489cdc1 (webtiles) character file.

Game seed: 5404601469867629296

89 Doomgape the Shield-Bearer (level 4, -3/29 HPs)
             Began as a Gargoyle Fighter on Feb 26, 2024.
             Slain by an ice beast (10 damage)
             ... on level 3 of the Dungeon.
             The game lasted 00:04:29 (1844 turns).

Doomgape the Shield-Bearer (Gargoyle Fighter)       Turns: 1844, Time: 00:04:30

Health: -3/29      AC: 10    Str: 22    XL:     4   Next: 55%
Magic:  4/4        EV:  9    Int:  8    God:
Gold:   83         SH:  4    Dex:  9    Spells: 3/3 levels left

rFire   + . .        a - +0 flail
rCold   . . .        c - +0 buckler
rNeg    + . .        b - +0 scale mail
rPois   ∞            (no helmet)
rElec   +            (no cloak)
rCorr   .            (no gloves)
SInv    +            (no boots)
Will    .....        (no amulet) Stlth
                     e - ring of protection from fire
HPRegen 0.24/turn    g - ring of see invisible
MPRegen 0.09/turn

%: no passive effects
@: no status effects
A: sickness immunity, AC +3, negative energy resistance 1, electricity
resistance, torment resistance 1, petrification resistance
a: no special abilities


You were on level 3 of the Dungeon.
You visited 1 branch of the dungeon, and saw 3 of its levels.

You collected 83 gold pieces.

Inventory:

Hand Weapons
 a - a +0 flail (weapon)
Armour
 b - a +0 scale mail (worn)
 c - a +0 buckler (worn)
Jewellery
 e - a ring of protection from fire (left hand)
 g - a ring of see invisible (right hand)
Scrolls
 i - a scroll of identify
 j - a scroll of blinking
 l - 3 scrolls of immolation {unknown}
Potions
 d - a potion of might
 f - a potion of magic {unknown}
 h - 2 potions of haste
 k - a potion of enlightenment {unknown}
 m - a potion of curing {unknown}


   Skills:
 + Level 4.0 Fighting
 + Level 2.9 Maces & Flails
 + Level 4.0 Armour
 + Level 4.0 Shields


You had 3 spell levels left.
You didn't know any spells.
Your spell library contained the following spells:

 Spells                   Type           Power      Damage    Failure   Level
 Ignite Poison            Fire/Alch      0%         N/A       100%        4
 Freezing Cloud           Conj/Ice/Air   0%         6-21      100%        5
 Cigotuvi's Dreadful Rot  Necr/Alch/Air  Unusable   N/A       N/A         2

Dungeon Overview and Level Annotations

Branches:
Dungeon (3/15)

Altars:

Shops:
D:2 (


Innate Abilities, Weirdness & Mutations

You are immune to sickness and miasma.
Your stone body is resilient. (AC +3)
You are immune to poison.
You resist negative energy. (rN+)
You are resistant to electric shocks. (rElec)
You are resistant to unholy torment.
You are immune to petrification.


Message History

The ice beast is moderately wounded.
You block the ice beast's attack. The ice beast misses you.
You sock the ice beast!
The ice beast is heavily wounded.
The ice beast closely misses you.
You hit the ice beast.
The ice beast is heavily wounded.
The ice beast hits you. The ice beast freezes you!
* * * LOW HITPOINT WARNING * * *
You completely miss the ice beast.
The ice beast is heavily wounded.
The ice beast hits you but does no damage. x2
You completely miss the ice beast.
The ice beast is heavily wounded.
The hound stops to sniff the ground.
The ice beast hits you but does no damage.
Unknown command.
You closely miss the ice beast.
The ice beast is heavily wounded.
The ice beast closely misses you.
You completely miss the ice beast.
The ice beast is heavily wounded.
The ice beast completely misses you. The ice beast barely misses you.
You hit the ice beast but do no damage.
The ice beast is heavily wounded.
The ice beast barely misses you.
Unknown command.
You hit the ice beast but do no damage.
The ice beast is heavily wounded.
You block the ice beast's attack.
Unknown command.
You hit the ice beast.
The ice beast is severely wounded.
The ice beast hits you but does no damage.
You hit the ice beast.
The ice beast is severely wounded.
The ice beast hits you.
* * * LOW HITPOINT WARNING * * *
The ice beast freezes you!
You die...

#.##..#.###.# #.#####.#
#...........# ####.#####.#
#.#####.##### #.......##.#
#.#####.# #.##.##.##.#
#.......# ###.##.......#
##.####### #...#####.....
#...# ###.### ######
#...########[..#####
#...##..hY@........#######
##...##.#####.#####.#.....#
#........####.#####.#.....#
#.....)....##.##..........#
#........#.##.##.##.#.....#
##...##.##.......##.#.....#
#...##.............#######
#...#####.##.##.#### #...#
#.##....########


You could see an ice beast and a hound.

Vanquished Creatures
  Robin (D:3)
  An adder (D:2)
  3 dart slugs
  A ribbon worm (D:3)
  6 bats (D:1)
  2 endoplasms (D:1)
  A giant cockroach (D:2)
  14 goblins
  5 hobgoblins
  2 jackals (D:2)
  5 kobolds
  2 quokkas
  6 ball pythons
  4 frilled lizards
  5 rats
58 creatures vanquished.

Notes
Turn   | Place    | Note
-------+----------+-------------------------------------------
     0 | D:1      | Doomgape the Gargoyle Fighter began the quest for the Orb.
     0 | D:1      | Reached XP level 1. HP: 14/14 MP: 1/1
   108 | D:1      | Reached XP level 2. HP: 19/19 MP: 2/2
   341 | D:1      | Reached XP level 3. HP: 23/23 MP: 3/3
  1189 | D:2      | Found Poemi's Weapon Shoppe.
  1351 | D:2      | Reached XP level 4. HP: 29/29 MP: 4/4
  1571 | D:3      | Identified the +2 robe "Roseulose" {Regen+ SInv}
  1623 | D:3      | Noticed Robin
  1649 | D:3      | Killed Robin
  1811 | D:3      | Noticed an ice beast
  1844 | D:3      | Slain by an ice beast

Illustrated notes

Levels and vault maps discovered:
D:1:      dpeg_arrival_rhombi, layout_basic, nrook_mini_backslash, st_stairs_8
D:2:      layout_loops_ring, serial_shops, shop
D:3:      layout_loops_cross, kennysheep_orc_sif_temple, uniq_ijyb, uniq_robin

Skill      XL: |  1  2  3  4 |
---------------+-------------+-----
Shields        | 4 |  4.0
Armour         | 4 |  4.0
Fighting       | 4 |  4.0
Maces & Flails | |  2.9

Action                     |  1- 3 |  4- 6 || total
---------------------------+-------+-------++-------
  Melee: Flail             |   146 |    67 ||   213
    Use: Scroll            |     4 |       ||     4
         Potion            |       |     1 ||     1
 Armour: Scale mail        |   120 |    66 ||   186
  Dodge: Dodged            |    78 |    37 ||   115
  Block: Buckler           |    30 |    21 ||    51
